 Dungeon Crawl Stone Soup version 0.19-a0-2013-g488b080 (webtiles) character file.

726 Faca the Shield-Bearer (level 8, -8/60 HPs)
             Began as a Formicid Fighter on Dec 7, 2016.
             Killed from afar by an electric eel (9 damage)
             ... with a bolt of electricity
             ... on level 5 of the Dungeon on Jan 10, 2017.
             The game lasted 00:18:03 (3461 turns).

Faca the Shield-Bearer (Formicid Fighter)           Turns: 3461, Time: 00:18:05

Health: -8/60      AC: 16    Str: 21    XL:     8   Next: 2%
Magic:  8/8        EV:  3    Int: 10    God:
Gold:   229        SH: 10    Dex: 12    Spells: 7/7 levels left

rFire  . . .     SeeInvis +     f - +0 battleaxe
rCold  . . .     Faith    .     k - +0 plate armour
rNeg   . . .     Spirit   .     c - +0 shield
rPois  +         Reflect  .     (helmet unavailable)
rElec  .                        (no cloak)
rCorr  .                        h - +0 pair of gloves
MR     +....                    p - +0 pair of boots
Stlth  ..........               (no amulet)
                                (no ring)
                                b - ring of poison resistance

@: constricted
A: permanent stasis, dig shafts and tunnels, four strong arms, antennae 3, slimy
green scales 1, clever 1, magic resistance 1
a: Dig, Shaft Self


You were on level 5 of the Dungeon.
You were not hungry.

You visited 1 branch of the dungeon, and saw 5 of its levels.

You collected 229 gold pieces.

Inventory:

Hand Weapons
 f - a +0 battleaxe (weapon)
Armour
 c - a +0 shield (worn)
 h - a +0 pair of gloves (worn)
 k - a +0 plate armour (worn)
 p - a +0 pair of boots (worn)
Jewellery
 b - a ring of poison resistance (left hand)
Scrolls
 a - a scroll of enchant armour
 g - a scroll of fear
 i - a scroll of magic mapping
 l - 2 scrolls of identify
 q - 3 scrolls of fog
Potions
 d - 2 potions of might
 e - 2 potions of lignification
 j - 2 potions of brilliance
 n - 2 potions of curing
 o - a potion of flight
 r - a potion of cancellation
 s - a potion of heal wounds
Comestibles
 m - 6 fruits


   Skills:
 + Level 4.2 Fighting
 + Level 5.2 Axes
 + Level 5.2 Armour
 + Level 1.1 Dodging
 + Level 6.6 Shields


You had 7 spell levels left.
You didn't know any spells.

Dungeon Overview and Level Annotations

Branches:
Dungeon (5/15)
 Temple: D:4-7         Lair: D:-1         Crypt: Vaults:-1     Tomb: Vaults:-1

Altars:
Gozag
Nemelex Xobeh
Xom


Innate Abilities, Weirdness & Mutations

You are under a permanent stasis effect.
You can dig through walls and to a lower floor.
Your four strong arms can wield two-handed weapons with a shield.
You have a pair of large antennae on your head. (SInv)
You are partially covered in slimy green scales. (AC +2)
Your mind is acute. (Int +2)
You are resistant to hostile enchantments. (MR+)


Message History

The electric eel shoots out a bolt of lightning at you!
The bolt of electricity hits the electric eel (0).
The electric eel completely resists.
The bolt of electricity hits you! The electric eel grabs you.
The electric eel constricts you (2).
Your attempt to break free from the electric eel fails, but you feel that another attempt might succeed.
The electric eel shoots out a bolt of lightning at you!
The bolt of electricity hits you! x2
* * * LOW HITPOINT WARNING * * *
The bolt of electricity hits the electric eel (0).
The electric eel completely resists.
The bolt of electricity hits the plant (12).
The electric eel constricts you (0).
You barely miss the electric eel.
The electric eel shoots out a bolt of lightning at you!
The bolt of electricity hits the electric eel (0).
The electric eel completely resists.
The bolt of electricity hits you!
* * * LOW HITPOINT WARNING * * *
The electric eel shoots out a bolt of lightning at you!
The bolt of electricity hits you!
You die...

.....# ####.#
##########
###.###≈≈≈†....##
#...##≈########≈##
#.#.#.##≈.?P..##≈#
##...#.#{≈.P....#≈#
.....#.#;!≈≈....#≈#
...#.#.#≈≈;....;#.#
...###≈##≈.$P. #@.#
...##≈######## #.##
...#≈##{.=P. #≈≈#
##.#≈#{≈=≈P. {#≈##
#.#.#;(≈≈.. #.
#.#.#≈≈$P.. #.
#.#'##≈.≈P.{ ..
#....###### .#
#...## ##


You could see 2 electric eels.

Vanquished Creatures
  A water moccasin (D:5)
  2 ice beasts (D:5)
  A centaur (D:5)
  A crimson imp (D:5)
  A hound (D:4)
  A centaur skeleton (D:4)
  An iguana (D:4)
  3 worker ants
  A howler monkey skeleton (D:4)
  9 adders
  An ooze (D:1)
  5 leopard geckos
  An orc (D:3)
  5 giant cockroaches
  2 goblins
  10 hobgoblins
  4 jackals (D:4)
  7 kobolds
  A ball python (D:1)
  8 bats
  4 frilled lizards
  6 rats
75 creatures vanquished.

Notes
Turn   | Place    | Note
-------+----------+-------------------------------------------
     0 | D:1      | Faca the Formicid Fighter began the quest for the Orb.
     0 | D:1      | Reached XP level 1. HP: 18/18 MP: 1/1
    80 | D:1      | Reached XP level 2. HP: 20/24 MP: 2/2
   113 | D:1      | Reached skill level 4 in Shields
   397 | D:1      | Reached XP level 3. HP: 26/29 MP: 3/3
   604 | D:2      | Found a sparkling altar of Nemelex Xobeh.
   627 | D:2      | Gained mutation: Your mind is acute. (Int +2) [potion of mutation]
   627 | D:2      | Gained mutation: You are resistant to hostile enchantments. (MR+) [potion of mutation]
   627 | D:2      | Gained mutation: You are partially covered in slimy green scales. (AC +2) [potion of mutation]
   734 | D:2      | Reached XP level 4. HP: 33/35 MP: 4/4
   983 | D:2      | Found an opulent altar of Gozag.
  1212 | D:3      | Upgraded the game from 0.19-a0-1893-ge087f11 to 0.19-a0-2013-g488b080
  1579 | D:3      | Reached XP level 5. HP: 41/41 MP: 5/5
  2036 | D:4      | Found a shimmering altar of Xom.
  2164 | D:4      | Reached skill level 5 in Shields
  2164 | D:4      | Reached XP level 6. HP: 42/48 MP: 6/6
  2979 | D:5      | Entered Level 5 of the Dungeon
  2979 | D:5      | Noticed a water moccasin
  2993 | D:5      | Killed a water moccasin
  2993 | D:5      | Reached skill level 1 in Dodging
  2993 | D:5      | Reached XP level 7. HP: 25/54 MP: 7/7
  3256 | D:5      | Reached skill level 6 in Shields
  3390 | D:5      | Reached skill level 5 in Axes
  3390 | D:5      | Reached skill level 5 in Armour
  3456 | D:5      | Reached XP level 8. HP: 52/60 MP: 8/8
  3461 | D:5      | HP: 1/60 [electric eel/bolt of electricity (12)]
  3461 | D:5      | Killed from afar by an electric eel

Vault maps used:
D:1:      dpeg_arrival_more_subterranean_lakeside_camping, lemuel_old_faithful
D:2:      nicolae_overflow_hidden_temple, first_bread, lemuel_statue_altar
D:4:      overflow_temple_1_default
D:5:      cheibrodos_two_vegetables

Skill      XL: |  1  2  3  4  5  6  7 |
---------------+----------------------+-----
Shields        | 4 5 6 |  6.6
Axes           | 3 4 5 |  5.2
Armour         | 4 5 |  5.2
Fighting       | 4 |  4.2
Dodging        | 1 |  1.1

Action                   |  1- 3 |  4- 6 |  7- 9 || total
-------------------------+-------+-------+-------++-------
Melee: War axe           |    78 |    44 |       ||   122
       Battleaxe         |       |   162 |    67 ||   229
 Abil: Dig               |       |     2 |       ||     2
  Use: Scroll            |     8 |     1 |       ||     9
       Potion            |     5 |     1 |       ||     6
Armor: Scale mail        |    34 |    42 |       ||    76
       Plate armour      |       |   115 |    59 ||   174
Dodge: Dodged            |    39 |    59 |    18 ||   116
Block: Shield            |    40 |   142 |    40 ||   222
